Havana Tropicals vs Long Beach Ice Dogs
Created - Monday, May 1, 2023 at 07:10
Goals
|
| Havana Tropicals |
1 |
2 |
1 |
4 |
| Long Beach Ice Dogs |
0 |
2 |
1 |
3 |
|
Shots
|
| Havana Tropicals |
8 |
24 |
19 |
51 |
| Long Beach Ice Dogs |
9 |
15 |
11 |
35 |
|
1st period
1. Havana Tropicals , Pierre-Edouard Bellemare 26 (Robert Bortuzzo 11) at 9:18
Penalties :
William Lagesson (TRM) for Hooking (Minor) at 1:00, Yan Kuznetsov (TRM) for Tripping (Minor) at 9:55, Zach Whitecloud (HAV) for Interference (Minor) at 15:45
2nd period
2. Havana Tropicals , Sammy Blais 12 (Chris Tierney 24, Teddy Blueger 45) at 2:35
3. Long Beach Ice Dogs , Zack Kassian 10 (Victor Rask 20) at 4:21
4. Havana Tropicals , Teddy Blueger 26 (Zach Aston-Reese 33, Robert Bortuzzo 12) at 5:24 (PP)
5. Long Beach Ice Dogs , Gabriel Vilardi 23 (Mark Pysyk 17, Brendan Gallagher 25) at 9:58 (PP)
Penalties :
Brendan Gallagher (TRM) for Tripping (Minor) at 5:01, Milan Lucic (HAV) for Holding (Minor) at 9:50, Tucker Poolman (HAV) for Roughing (Minor) at 12:48, Yan Kuznetsov (TRM) for Interference (Minor) at 17:05
3rd period
6. Havana Tropicals , Tucker Poolman 2 (Zach Aston-Reese 34, Pierre-Edouard Bellemare 35) at 1:20
7. Long Beach Ice Dogs , Jujhar Khaira 5 (Trey Fix-Wolansky 3, Shane Bowers 5) at 10:40
Penalties :
Sammy Blais (HAV) for Holding (Minor) at 5:21, Zack Kassian (TRM) for Cross-checking (Minor) at 12:50, Teddy Blueger (HAV) for Hooking (Minor) at 19:33
Goalie Stats
Arvid Soderblom (HAV), 32 saves from 35 shots - (0.914), W, 8-4-0, 60:00 minutes
Spencer Martin (TRM), 47 saves from 51 shots - (0.922), L, 9-15-1, 59:12 minutes
Players Stats for Havana Tropicals
Player Name G A P +/- PIM S H SB GA TA FO MP PP MP PK MP
------------------------------------------------------------------------------------
Alexander Nylander 0 0 0 0 0 1 1 0 0 0 0/0 6:38 0:00 0:00
Chris Tierney 0 1 1 0 0 3 0 0 0 1 5/11 16:47 3:45 1:45
Dean Kukan 0 0 0 -1 0 0 0 0 0 0 0/0 9:49 0:00 0:00
Dennis Cholowski 0 0 0 -1 0 0 0 1 1 0 0/0 12:46 0:00 2:12
Emil Bemstrom 0 0 0 -1 0 3 1 1 0 0 1/1 11:06 0:06 0:00
Henrik Borgstrom 0 0 0 0 0 3 1 0 0 0 1/3 6:57 0:06 0:00
Milan Lucic 0 0 0 0 2 3 1 0 1 0 0/0 16:46 3:45 1:45
Nolan Foote 0 0 0 0 0 1 1 0 1 0 0/0 6:38 0:00 0:00
Pavel Dorofeyev 0 0 0 -1 0 2 4 1 0 1 0/3 11:53 0:00 1:05
Philipp Kurashev 0 0 0 -1 0 6 0 0 0 1 3/7 11:06 0:06 0:00
Pierre-Edouard Bellemare 1 1 2 2 0 7 0 0 1 0 2/2 24:59 4:28 4:17
Robert Bortuzzo 0 2 2 1 0 1 1 1 1 2 0/0 28:43 4:14 4:29
Sammy Blais 1 0 1 0 2 4 4 0 0 0 2/2 14:24 3:45 0:00
Teddy Blueger 1 1 2 2 2 4 1 0 0 1 29/49 24:31 4:28 3:50
Timothy Liljegren 0 0 0 1 0 1 0 0 0 0 0/0 21:28 4:05 2:02
Tucker Poolman 1 0 1 1 2 4 1 0 0 0 0/0 20:25 4:05 1:19
Zach Aston-Reese 0 2 2 2 0 6 0 1 0 0 0/1 21:03 4:28 0:20
Zach Whitecloud 0 0 0 1 2 2 2 5 0 2 0/0 27:25 4:14 3:00
Players Stats for Long Beach Ice Dogs
Player Name G A P +/- PIM S H SB GA TA FO MP PP MP PK MP
------------------------------------------------------------------------------------
Alex Galchenyuk 0 0 0 1 0 0 0 0 1 0 0/0 15:57 3:22 0:19
Brendan Gallagher 0 1 1 -1 2 4 3 0 0 0 0/5 20:18 3:06 3:48
Darren Helm 0 0 0 -1 0 1 2 0 1 1 2/7 20:32 3:03 3:55
Gabriel Vilardi 1 0 1 -1 0 3 3 0 0 0 13/25 20:33 3:06 4:02
Jansen Harkins 0 0 0 -2 0 0 0 0 0 0 2/2 11:39 0:00 0:00
Jujhar Khaira 1 0 1 1 0 2 1 0 1 0 0/0 7:30 0:06 0:00
Justin Schultz 0 0 0 2 0 3 2 1 0 0 0/0 23:51 3:18 4:12
Logan Brown 0 0 0 -2 0 4 1 0 2 0 4/10 12:19 0:00 0:39
Mark Pysyk 0 1 1 2 0 3 0 3 0 0 0/0 23:43 3:18 4:04
Mathieu Olivier 0 0 0 -2 0 2 3 1 0 0 0/0 11:42 0:03 0:00
Olli Juolevi 0 0 0 -2 0 1 0 1 0 0 0/0 13:22 0:00 0:10
Riley Stillman 0 0 0 -1 0 2 2 1 0 0 0/0 23:05 3:13 4:15
Shane Bowers 0 1 1 1 0 1 0 0 0 0 3/5 7:33 0:09 0:00
Trey Fix-Wolansky 0 1 1 1 0 1 1 0 2 0 0/0 7:19 0:00 0:00
Victor Rask 0 1 1 1 0 4 1 0 0 2 12/24 19:55 3:19 3:55
William Lagesson 0 0 0 -1 2 1 1 0 1 2 0/0 21:49 3:13 3:08
Yan Kuznetsov 0 0 0 -2 4 1 0 1 0 0 0/0 15:00 0:00 0:49
Zack Kassian 1 0 1 1 2 2 2 1 0 0 0/1 15:29 3:19 0:00
3 Stars
1 - Pierre-Edouard Bellemare (HAV)
2 - Teddy Blueger (HAV)
3 - Zach Aston-Reese (HAV)
Power Play
Havana Tropicals - 1 on 5 Attempt(s) - 20.00%
Long Beach Ice Dogs - 1 on 5 Attempt(s) - 20.00%
Penalty Kill
Havana Tropicals - 4 on 5 Attempt(s) - 80.00%
- Score 0 goal in Penalty Kill
Long Beach Ice Dogs - 4 on 5 Attempt(s) - 80.00%
- Score 0 goal in Penalty Kill
Team Stat
Havana Tropicals - Hits : 18 - Faceoff Wins : 43 - Blocked Shots : 10 - Penalty Minutes : 10
Long Beach Ice Dogs - Hits : 22 - Faceoff Wins : 36 - Blocked Shots : 9 - Penalty Minutes : 10
Official
Referees : Wes McCauley and Kelly Sutherland
Linesman : Shane Heyer and Trent Knorr
Game Notes
No Game Note
Havana Tropicals
5 vs 5 Forward
Center Left Wing Right Wing Time % Phy DF OF
1 Teddy Blueger Pierre-Edouard Bellemare Zach Aston-Reese 40 1 2 2
2 Chris Tierney Milan Lucic Sammy Blais 30 1 2 2
3 Philipp Kurashev Emil Bemstrom Pavel Dorofeyev 20 1 2 2
4 Henrik Borgstrom Nolan Foote Alexander Nylander 10 1 2 2
5 vs 5 Defense
Defense Defense Time % Phy DF OF
1 Zach Whitecloud Robert Bortuzzo 40 1 2 2
2 Tucker Poolman Timothy Liljegren 30 1 2 2
3 Dean Kukan Dennis Cholowski 20 1 2 2
4 Zach Whitecloud Robert Bortuzzo 10 1 2 2
PowerPlay Forward
Center Left Wing Right Wing Time % Phy DF OF
1 Teddy Blueger Pierre-Edouard Bellemare Zach Aston-Reese 60 1 2 2
2 Chris Tierney Milan Lucic Sammy Blais 40 1 2 2
PowerPlay Defense
Defense Defense Time % Phy DF OF
1 Zach Whitecloud Robert Bortuzzo 60 1 2 2
2 Tucker Poolman Timothy Liljegren 40 1 2 2
Penalty Kill 4 Players Forward
Center Wing Time % Phy DF OF
1 Teddy Blueger Pierre-Edouard Bellemare 60 1 2 2
2 Chris Tierney Milan Lucic 40 1 2 2
Penalty Kill 4 Players Defense
Defense Defense Time % Phy DF OF
1 Zach Whitecloud Robert Bortuzzo 60 1 2 2
2 Tucker Poolman Timothy Liljegren 40 1 2 2
Penalty Kill - 3 Players Forward
Forward Time % Phy DF OF
1 Teddy Blueger 60 1 2 2
2 Pierre-Edouard Bellemare 40 1 2 2
Penalty Kill - 3 Players Defense
Defense Defense Time % Phy DF OF
1 Zach Whitecloud Robert Bortuzzo 60 1 2 2
2 Tucker Poolman Timothy Liljegren 40 1 2 2
4 vs 4 Forward
Center Wing Time % Phy DF OF
1 Teddy Blueger Pierre-Edouard Bellemare 60 1 2 2
2 Chris Tierney Milan Lucic 40 1 2 2
4 vs 4 Defense
Defense Defense Time % Phy DF OF
1 Zach Whitecloud Robert Bortuzzo 60 1 2 2
2 Tucker Poolman Timothy Liljegren 40 1 2 2
Last Minutes Offensive
Center Left Wing Right Wing Defense Defense
Teddy Blueger Pierre-Edouard Bellemare Zach Aston-Reese Zach Whitecloud Robert Bortuzzo
Last Minutes Defensive
Center Left Wing Right Wing Defense Defense
Teddy Blueger Pierre-Edouard Bellemare Zach Aston-Reese Zach Whitecloud Robert Bortuzzo
Goaltenders
Starting : Arvid Soderblom
Backup : Daniil Tarasov
Extra Forwards
Normal : Philipp Kurashev, Emil Bemstrom, Pavel Dorofeyev - PP : Philipp Kurashev, Emil Bemstrom - PK : Pavel Dorofeyev
Extra Defensemen
Normal : Dean Kukan, Dennis Cholowski, Tucker Poolman - PP : Dean Kukan - PK : Dennis Cholowski, Tucker Poolman
Penalty Shots
Teddy Blueger, Pierre-Edouard Bellemare, Chris Tierney, Milan Lucic, Zach Aston-Reese
Long Beach Ice Dogs
5 vs 5 Forward
Center Left Wing Right Wing Time % Phy DF OF
1 Gabriel Vilardi Darren Helm Brendan Gallagher 30 1 2 2
2 Victor Rask Alex Galchenyuk Zack Kassian 30 1 2 2
3 Logan Brown Jansen Harkins Mathieu Olivier 25 1 2 2
4 Shane Bowers Jujhar Khaira Trey Fix-Wolansky 15 1 2 2
5 vs 5 Defense
Defense Defense Time % Phy DF OF
1 Mark Pysyk Justin Schultz 35 1 2 2
2 Riley Stillman William Lagesson 35 1 2 2
3 Olli Juolevi Yan Kuznetsov 30 1 2 2
4 Mark Pysyk Justin Schultz 0 1 2 2
PowerPlay Forward
Center Left Wing Right Wing Time % Phy DF OF
1 Gabriel Vilardi Darren Helm Brendan Gallagher 50 1 2 2
2 Victor Rask Alex Galchenyuk Zack Kassian 50 1 2 2
PowerPlay Defense
Defense Defense Time % Phy DF OF
1 Mark Pysyk Justin Schultz 50 1 2 2
2 Riley Stillman William Lagesson 50 1 2 2
Penalty Kill 4 Players Forward
Center Wing Time % Phy DF OF
1 Brendan Gallagher Gabriel Vilardi 50 1 2 2
2 Darren Helm Victor Rask 50 1 2 2
Penalty Kill 4 Players Defense
Defense Defense Time % Phy DF OF
1 Mark Pysyk Justin Schultz 50 1 2 2
2 Riley Stillman William Lagesson 50 1 2 2
Penalty Kill - 3 Players Forward
Forward Time % Phy DF OF
1 Brendan Gallagher 50 1 2 2
2 Gabriel Vilardi 50 1 2 2
Penalty Kill - 3 Players Defense
Defense Defense Time % Phy DF OF
1 Mark Pysyk Justin Schultz 50 1 2 2
2 Riley Stillman William Lagesson 50 1 2 2
4 vs 4 Forward
Center Wing Time % Phy DF OF
1 Brendan Gallagher Gabriel Vilardi 50 1 2 2
2 Darren Helm Victor Rask 50 1 2 2
4 vs 4 Defense
Defense Defense Time % Phy DF OF
1 Mark Pysyk Justin Schultz 50 1 2 2
2 Riley Stillman William Lagesson 50 1 2 2
Last Minutes Offensive
Center Left Wing Right Wing Defense Defense
Gabriel Vilardi Darren Helm Brendan Gallagher Mark Pysyk Justin Schultz
Last Minutes Defensive
Center Left Wing Right Wing Defense Defense
Gabriel Vilardi Darren Helm Brendan Gallagher Mark Pysyk Justin Schultz
Goaltenders
Starting : Spencer Martin
Backup : Akira Schmid
Extra Forwards
Normal : Shane Bowers, Jujhar Khaira, Logan Brown - PP : Shane Bowers, Jujhar Khaira - PK : Logan Brown
Extra Defensemen
Normal : Olli Juolevi, Yan Kuznetsov, Riley Stillman - PP : Olli Juolevi - PK : Yan Kuznetsov, Riley Stillman
Penalty Shots
Brendan Gallagher, Gabriel Vilardi, Darren Helm, Victor Rask, Alex Galchenyuk
% Time on Ice - Havana Tropicals
Lines # - Real PCT - Wanted PCT - Time Play
Normal Forward
1 - 35% - 40% - 15:42
2 - 25% - 30% - 11:17
3 - 24% - 20% - 10:47
4 - 15% - 10% - 6:38
Normal Defense
1 - 41% - 40% - 18:00
2 - 35% - 30% - 15:21
3 - 22% - 20% - 9:49
4 - 3% - 10% - 1:14
PP Forward
1 - 55% - 60% - 4:34
2 - 45% - 40% - 3:45
PP Defense
1 - 51% - 60% - 4:14
2 - 49% - 40% - 4:05
PK Forward
1 - 73% - 60% - 4:46
2 - 27% - 40% - 1:45
PK Defense
1 - 69% - 60% - 4:29
2 - 31% - 40% - 2:02
PK3 Forward
1 - 0% - 60%
2 - 0% - 40%
PK3 Defense
1 - 0% - 60%
2 - 0% - 40%
44 Forward
1 - 0% - 60%
2 - 0% - 40%
44 Defense
1 - 0% - 60%
2 - 0% - 40%
Last Minute Offensive - 0:00
Last Minute Defensive - 0:46
Total
Forward - 60:00
Defense - 60:00
|
% Time on Ice - Long Beach Ice Dogs
Lines # - Real PCT - Wanted PCT - Time Play
Normal Forward
1 - 29% - 30% - 12:58
2 - 29% - 30% - 12:46
3 - 26% - 25% - 11:39
4 - 16% - 15% - 7:19
Normal Defense
1 - 36% - 35% - 15:53
2 - 35% - 35% - 15:37
3 - 30% - 30% - 13:12
4 - 0% - 0% - 0:00
PP Forward
1 - 48% - 50% - 3:09
2 - 52% - 50% - 3:22
PP Defense
1 - 51% - 50% - 3:18
2 - 49% - 50% - 3:13
PK Forward
1 - 51% - 50% - 4:16
2 - 49% - 50% - 4:03
PK Defense
1 - 47% - 50% - 3:54
2 - 53% - 50% - 4:25
PK3 Forward
1 - 0% - 50%
2 - 0% - 50%
PK3 Defense
1 - 0% - 50%
2 - 0% - 50%
44 Forward
1 - 0% - 50%
2 - 0% - 50%
44 Defense
1 - 0% - 50%
2 - 0% - 50%
Last Minute Offensive - 0:28
Last Minute Defensive - 0:00
Total
Forward - 60:00
Defense - 60:00
|
Play-by-Play
1st period
0:01 of 1st period - Gabriel Vilardi wins face-off versus Teddy Blueger in neutral zone.
0:06 of 1st period - Zach Whitecloud is hit by Brendan Gallagher and loses puck.
1:00 of 1st period - Minor Penalty to William Lagesson for Hooking.
1:01 of 1st period - Teddy Blueger wins face-off versus Brendan Gallagher in Long Beach Ice Dogs zone.
1:32 of 1st period - Darren Helm is hit by Sammy Blais and loses puck.
3:00 of 1st period - Penalty to William Lagesson is over, William Lagesson is back on ice.
3:38 of 1st period - Snap shot by Jujhar Khaira.
3:38 of 1st period - Deflect By Emil Bemstrom.
3:38 of 1st period - Stopped by Arvid Soderblom without a rebound.
3:39 of 1st period - Sammy Blais wins face-off versus Shane Bowers in Havana Tropicals zone.
3:46 of 1st period - Slapshot by Milan Lucic.
3:46 of 1st period - Stopped by Spencer Martin without a rebound.
3:47 of 1st period - Chris Tierney wins face-off versus Logan Brown in Long Beach Ice Dogs zone.
3:54 of 1st period - Snap shot by Sammy Blais.
3:54 of 1st period - Stopped by Spencer Martin with a rebound.
5:02 of 1st period - Wrist shot by Victor Rask.
5:02 of 1st period - Stopped by Arvid Soderblom without a rebound.
5:03 of 1st period - Victor Rask wins face-off versus Chris Tierney in Havana Tropicals zone.
6:21 of 1st period - Sammy Blais is hit by Zack Kassian and loses puck.
6:26 of 1st period - Snap shot by Victor Rask.
6:26 of 1st period - Deflect By Chris Tierney.
6:26 of 1st period - Stopped by Arvid Soderblom without a rebound.
6:27 of 1st period - Gabriel Vilardi wins face-off versus Teddy Blueger in Havana Tropicals zone.
6:57 of 1st period - Chris Tierney is hit by Riley Stillman.
7:01 of 1st period - Wrist shot by Chris Tierney.
7:01 of 1st period - Shot Misses the Net.
8:57 of 1st period - Olli Juolevi is hit by Pavel Dorofeyev and loses puck.
9:18 of 1st period - Backhand shot by Pierre-Edouard Bellemare.
9:18 of 1st period - Goal by Pierre-Edouard Bellemare - Havana Tropicals : 1 - Long Beach Ice Dogs : 0.
9:19 of 1st period - Teddy Blueger wins face-off versus Brendan Gallagher in neutral zone.
9:30 of 1st period - Wrist shot by Gabriel Vilardi.
9:30 of 1st period - Shot Misses the Net.
9:32 of 1st period - Slapshot by Darren Helm.
9:32 of 1st period - Stopped by Arvid Soderblom without a rebound.
9:33 of 1st period - Teddy Blueger wins face-off versus Gabriel Vilardi in Havana Tropicals zone.
9:33 of 1st period - Teddy Blueger is hit by Brendan Gallagher.
9:55 of 1st period - Minor Penalty to Yan Kuznetsov for Tripping.
9:56 of 1st period - Teddy Blueger wins face-off versus Brendan Gallagher in Long Beach Ice Dogs zone.
10:03 of 1st period - Snap shot by Zach Aston-Reese.
10:03 of 1st period - Stopped by Spencer Martin without a rebound.
10:04 of 1st period - Teddy Blueger wins face-off versus Brendan Gallagher in Long Beach Ice Dogs zone.
10:50 of 1st period - Icing by Zach Aston-Reese.
10:51 of 1st period - Pierre-Edouard Bellemare wins face-off versus Brendan Gallagher in Havana Tropicals zone.
10:51 of 1st period - Pierre-Edouard Bellemare is hit by Brendan Gallagher.
10:57 of 1st period - Wrist shot by Brendan Gallagher.
10:57 of 1st period - Shot Misses the Net.
11:42 of 1st period - Snap shot by Chris Tierney.
11:42 of 1st period - Deflect By Sammy Blais.
11:42 of 1st period - Shot Misses the Net.
11:42 of 1st period - Puck is out of play.
11:43 of 1st period - Teddy Blueger wins face-off versus Darren Helm in Long Beach Ice Dogs zone.
11:55 of 1st period - Penalty to Yan Kuznetsov is over, Yan Kuznetsov is back on ice.
12:46 of 1st period - Snap shot by Jujhar Khaira.
12:46 of 1st period - Shot Misses the Net.
12:48 of 1st period - Slapshot by William Lagesson.
12:48 of 1st period - Shot Misses the Net.
12:50 of 1st period - Snap shot by Shane Bowers.
12:50 of 1st period - Stopped by Arvid Soderblom without a rebound.
12:51 of 1st period - Gabriel Vilardi wins face-off versus Chris Tierney in Havana Tropicals zone.
13:40 of 1st period - Snap shot by Gabriel Vilardi.
13:40 of 1st period - Deflect By Darren Helm.
13:40 of 1st period - Shot Misses the Net.
13:40 of 1st period - Puck is out of play.
13:41 of 1st period - Teddy Blueger wins face-off versus Victor Rask in Havana Tropicals zone.
14:08 of 1st period - Mark Pysyk is hit by Sammy Blais.
14:14 of 1st period - Snap shot by Sammy Blais.
14:14 of 1st period - Shot Misses the Net.
14:16 of 1st period - Backhand shot by Dean Kukan.
14:16 of 1st period - Shot Blocked by Mathieu Olivier.
15:07 of 1st period - Slapshot by Brendan Gallagher.
15:07 of 1st period - Stopped by Arvid Soderblom without a rebound.
15:08 of 1st period - Henrik Borgstrom wins face-off versus Gabriel Vilardi in Havana Tropicals zone.
15:08 of 1st period - Henrik Borgstrom is hit by Gabriel Vilardi.
15:22 of 1st period - Wrist shot by Henrik Borgstrom.
15:22 of 1st period - Stopped by Spencer Martin without a rebound.
15:23 of 1st period - Jansen Harkins wins face-off versus Teddy Blueger in Long Beach Ice Dogs zone.
15:45 of 1st period - Minor Penalty to Zach Whitecloud for Interference.
15:46 of 1st period - Teddy Blueger wins face-off versus Gabriel Vilardi in Havana Tropicals zone.
15:58 of 1st period - Slapshot by Mark Pysyk.
15:58 of 1st period - Stopped by Arvid Soderblom without a rebound.
15:59 of 1st period - Pierre-Edouard Bellemare wins face-off versus Victor Rask in Havana Tropicals zone.
16:34 of 1st period - Snap shot by Brendan Gallagher.
16:34 of 1st period - Shot Misses the Net.
17:00 of 1st period - Snap shot by Milan Lucic.
17:00 of 1st period - Deflect By Chris Tierney.
17:00 of 1st period - Stopped by Spencer Martin with a rebound.
17:02 of 1st period - Snap shot by Milan Lucic.
17:02 of 1st period - Stopped by Spencer Martin without a rebound.
17:03 of 1st period - Chris Tierney wins face-off versus Victor Rask in Long Beach Ice Dogs zone.
17:04 of 1st period - Snap shot by Milan Lucic.
17:04 of 1st period - Stopped by Spencer Martin without a rebound.
17:05 of 1st period - Teddy Blueger wins face-off versus Victor Rask in Long Beach Ice Dogs zone.
17:11 of 1st period - Off-side.
17:12 of 1st period - Teddy Blueger wins face-off versus Victor Rask in neutral zone.
17:24 of 1st period - Slapshot by Pierre-Edouard Bellemare.
17:24 of 1st period - Shot Misses the Net.
17:45 of 1st period - Penalty to Zach Whitecloud is over, Zach Whitecloud is back on ice.
17:48 of 1st period - Wrist shot by Gabriel Vilardi.
17:48 of 1st period - Stopped by Arvid Soderblom with a rebound.
18:26 of 1st period - Henrik Borgstrom is hit by Trey Fix-Wolansky and loses puck.
18:37 of 1st period - Henrik Borgstrom is hit by Jujhar Khaira and loses puck.
19:31 of 1st period - Sammy Blais is hit by Mathieu Olivier and loses puck.
19:36 of 1st period - Snap shot by Logan Brown.
19:36 of 1st period - Shot Misses the Net.
19:38 of 1st period - Slapshot by Jansen Harkins.
19:38 of 1st period - Deflect By Logan Brown.
19:38 of 1st period - Stopped by Arvid Soderblom without a rebound.
19:39 of 1st period - Teddy Blueger wins face-off versus Victor Rask in Havana Tropicals zone.
Goals for this period are 1 for Havana Tropicals vs 0 for Long Beach Ice Dogs.
Shots for this period are 8 for Havana Tropicals vs 9 for Long Beach Ice Dogs.
2nd period
0:01 of 2nd period - Victor Rask wins face-off versus Teddy Blueger in neutral zone.
0:06 of 2nd period - Snap shot by Alex Galchenyuk.
0:06 of 2nd period - Shot Misses the Net.
0:08 of 2nd period - Slapshot by Victor Rask.
0:08 of 2nd period - Stopped by Arvid Soderblom with a rebound.
0:10 of 2nd period - Slapshot by Riley Stillman.
0:10 of 2nd period - Stopped by Arvid Soderblom with a rebound.
0:12 of 2nd period - Slapshot by Riley Stillman.
0:12 of 2nd period - Stopped by Arvid Soderblom without a rebound.
0:13 of 2nd period - Gabriel Vilardi wins face-off versus Teddy Blueger in Havana Tropicals zone.
0:42 of 2nd period - Icing by Sammy Blais.
0:43 of 2nd period - Sammy Blais wins face-off versus Logan Brown in Havana Tropicals zone.
0:53 of 2nd period - Jansen Harkins is hit by Sammy Blais and loses puck.
0:58 of 2nd period - Snap shot by Sammy Blais.
0:58 of 2nd period - Stopped by Spencer Martin without a rebound.
0:59 of 2nd period - Teddy Blueger wins face-off versus Victor Rask in Long Beach Ice Dogs zone.
1:14 of 2nd period - Wrist shot by Victor Rask.
1:14 of 2nd period - Stopped by Arvid Soderblom with a rebound.
1:43 of 2nd period - Off-side.
1:44 of 2nd period - Shane Bowers wins face-off versus Philipp Kurashev in neutral zone.
2:35 of 2nd period - Wrist shot by Sammy Blais.
2:35 of 2nd period - Goal by Sammy Blais - Havana Tropicals : 2 - Long Beach Ice Dogs : 0.
2:36 of 2nd period - Teddy Blueger wins face-off versus Logan Brown in neutral zone.
2:49 of 2nd period - Wrist shot by Pierre-Edouard Bellemare.
2:49 of 2nd period - Stopped by Spencer Martin with a rebound.
3:03 of 2nd period - Riley Stillman is hit by Zach Whitecloud and loses puck.
3:08 of 2nd period - Snap shot by Sammy Blais.
3:08 of 2nd period - Shot Misses the Net.
3:30 of 2nd period - Snap shot by Philipp Kurashev.
3:30 of 2nd period - Shot Blocked by Mark Pysyk.
3:32 of 2nd period - Wrist shot by Emil Bemstrom.
3:32 of 2nd period - Stopped by Spencer Martin without a rebound.
3:33 of 2nd period - Logan Brown wins face-off versus Teddy Blueger in Long Beach Ice Dogs zone.
3:40 of 2nd period - Wrist shot by Logan Brown.
3:40 of 2nd period - Stopped by Arvid Soderblom without a rebound.
3:41 of 2nd period - Teddy Blueger wins face-off versus Logan Brown in Havana Tropicals zone.
3:41 of 2nd period - Zach Aston-Reese is hit by Mathieu Olivier.
4:01 of 2nd period - Snap shot by Jansen Harkins.
4:01 of 2nd period - Shot Blocked by Zach Aston-Reese.
4:07 of 2nd period - Snap shot by Mathieu Olivier.
4:07 of 2nd period - Stopped by Arvid Soderblom with a rebound.
4:13 of 2nd period - Wrist shot by Mathieu Olivier.
4:13 of 2nd period - Stopped by Arvid Soderblom without a rebound.
4:14 of 2nd period - Chris Tierney wins face-off versus Zack Kassian in Havana Tropicals zone.
4:21 of 2nd period - Wrist shot by Zack Kassian.
4:21 of 2nd period - Goal by Zack Kassian - Havana Tropicals : 2 - Long Beach Ice Dogs : 1.
4:22 of 2nd period - Teddy Blueger wins face-off versus Gabriel Vilardi in neutral zone.
4:33 of 2nd period - Zach Whitecloud is hit by Darren Helm and loses puck.
5:01 of 2nd period - Minor Penalty to Brendan Gallagher for Tripping.
5:02 of 2nd period - Teddy Blueger wins face-off versus Darren Helm in Long Beach Ice Dogs zone.
5:10 of 2nd period - Snap shot by Teddy Blueger.
5:10 of 2nd period - Stopped by Spencer Martin without a rebound.
5:11 of 2nd period - Darren Helm wins face-off versus Teddy Blueger in Long Beach Ice Dogs zone.
5:22 of 2nd period - Slapshot by Zach Aston-Reese.
5:22 of 2nd period - Shot Misses the Net.
5:24 of 2nd period - Snap shot by Teddy Blueger.
5:24 of 2nd period - Goal by Teddy Blueger - Havana Tropicals : 3 - Long Beach Ice Dogs : 1.
5:25 of 2nd period - Victor Rask wins face-off versus Teddy Blueger in neutral zone.
7:18 of 2nd period - Slapshot by Justin Schultz.
7:18 of 2nd period - Stopped by Arvid Soderblom with a rebound.
8:06 of 2nd period - Backhand shot by Justin Schultz.
8:06 of 2nd period - Shot Misses the Net.
8:08 of 2nd period - Snap shot by Mark Pysyk.
8:08 of 2nd period - Stopped by Arvid Soderblom without a rebound.
8:09 of 2nd period - Victor Rask wins face-off versus Henrik Borgstrom in Havana Tropicals zone.
8:28 of 2nd period - Victor Rask is hit by Alexander Nylander and loses puck.
8:35 of 2nd period - Victor Rask is hit by Zach Whitecloud and loses puck.
8:56 of 2nd period - Snap shot by Alexander Nylander.
8:56 of 2nd period - Shot Misses the Net.
8:58 of 2nd period - Wrist shot by Henrik Borgstrom.
8:58 of 2nd period - Shot Blocked by Zack Kassian.
9:00 of 2nd period - Slapshot by Zach Whitecloud.
9:00 of 2nd period - Stopped by Spencer Martin with a rebound.
9:02 of 2nd period - Slapshot by Zach Whitecloud.
9:02 of 2nd period - Stopped by Spencer Martin with a rebound.
9:04 of 2nd period - Wrist shot by Henrik Borgstrom.
9:04 of 2nd period - Stopped by Spencer Martin with a rebound.
9:12 of 2nd period - Slapshot by Nolan Foote.
9:12 of 2nd period - Stopped by Spencer Martin without a rebound.
9:13 of 2nd period - Teddy Blueger wins face-off versus Gabriel Vilardi in Long Beach Ice Dogs zone.
9:18 of 2nd period - Wrist shot by Pierre-Edouard Bellemare.
9:18 of 2nd period - Stopped by Spencer Martin with a rebound.
9:20 of 2nd period - Snap shot by Zach Aston-Reese.
9:20 of 2nd period - Stopped by Spencer Martin with a rebound.
9:22 of 2nd period - Wrist shot by Pierre-Edouard Bellemare.
9:22 of 2nd period - Shot Misses the Net.
9:24 of 2nd period - Snap shot by Zach Aston-Reese.
9:24 of 2nd period - Shot Blocked by Riley Stillman.
9:26 of 2nd period - Wrist shot by Zach Aston-Reese.
9:26 of 2nd period - Stopped by Spencer Martin with a rebound.
9:28 of 2nd period - Snap shot by Pierre-Edouard Bellemare.
9:28 of 2nd period - Deflect By Teddy Blueger.
9:28 of 2nd period - Shot Misses the Net.
9:28 of 2nd period - Puck is out of play.
9:29 of 2nd period - Logan Brown wins face-off versus Chris Tierney in Long Beach Ice Dogs zone.
9:50 of 2nd period - Minor Penalty to Milan Lucic for Holding.
9:51 of 2nd period - Darren Helm wins face-off versus Teddy Blueger in Havana Tropicals zone.
9:54 of 2nd period - Wrist shot by Brendan Gallagher.
9:54 of 2nd period - Shot Misses the Net.
9:56 of 2nd period - Snap shot by Mark Pysyk.
9:56 of 2nd period - Stopped by Arvid Soderblom with a rebound.
9:58 of 2nd period - Wrist shot by Gabriel Vilardi.
9:58 of 2nd period - Goal by Gabriel Vilardi - Havana Tropicals : 3 - Long Beach Ice Dogs : 2.
9:59 of 2nd period - Teddy Blueger wins face-off versus Gabriel Vilardi in neutral zone.
10:24 of 2nd period - Zach Aston-Reese is hit by Riley Stillman and loses puck.
10:33 of 2nd period - Slapshot by Robert Bortuzzo.
10:33 of 2nd period - Deflect By Zack Kassian.
10:33 of 2nd period - Stopped by Spencer Martin without a rebound.
10:34 of 2nd period - Jansen Harkins wins face-off versus Chris Tierney in Long Beach Ice Dogs zone.
11:07 of 2nd period - Slapshot by Philipp Kurashev.
11:07 of 2nd period - Stopped by Spencer Martin without a rebound.
11:08 of 2nd period - Victor Rask wins face-off versus Teddy Blueger in Long Beach Ice Dogs zone.
11:19 of 2nd period - Snap shot by Zack Kassian.
11:19 of 2nd period - Shot Blocked by Zach Whitecloud.
11:21 of 2nd period - Backhand shot by Yan Kuznetsov.
11:21 of 2nd period - Stopped by Arvid Soderblom with a rebound.
11:35 of 2nd period - Olli Juolevi is hit by Sammy Blais and loses puck.
12:00 of 2nd period - Gabriel Vilardi is hit by Emil Bemstrom and loses puck.
12:15 of 2nd period - Slapshot by William Lagesson.
12:15 of 2nd period - Stopped by Arvid Soderblom with a rebound.
12:43 of 2nd period - Snap shot by Alex Galchenyuk.
12:43 of 2nd period - Shot Misses the Net.
12:48 of 2nd period - Minor Penalty to Tucker Poolman for Roughing.
12:49 of 2nd period - Victor Rask wins face-off versus Teddy Blueger in Havana Tropicals zone.
12:51 of 2nd period - Wrist shot by Zack Kassian.
12:51 of 2nd period - Shot Misses the Net.
13:03 of 2nd period - Pierre-Edouard Bellemare is hit by Justin Schultz and loses puck.
13:53 of 2nd period - Pierre-Edouard Bellemare is hit by Justin Schultz and loses puck.
14:05 of 2nd period - Icing by Brendan Gallagher.
14:06 of 2nd period - Gabriel Vilardi wins face-off versus Chris Tierney in Long Beach Ice Dogs zone.
14:48 of 2nd period - Penalty to Tucker Poolman is over, Tucker Poolman is back on ice.
15:05 of 2nd period - Backhand shot by Jujhar Khaira.
15:05 of 2nd period - Shot Blocked by Dennis Cholowski.
15:07 of 2nd period - Wrist shot by Jujhar Khaira.
15:07 of 2nd period - Shot Misses the Net.
15:17 of 2nd period - Snap shot by Timothy Liljegren.
15:17 of 2nd period - Stopped by Spencer Martin with a rebound.
15:19 of 2nd period - Snap shot by Alexander Nylander.
15:19 of 2nd period - Stopped by Spencer Martin with a rebound.
15:36 of 2nd period - Icing by Jansen Harkins.
15:37 of 2nd period - Gabriel Vilardi wins face-off versus Philipp Kurashev in Long Beach Ice Dogs zone.
15:37 of 2nd period - Gabriel Vilardi is hit by Pavel Dorofeyev.
15:55 of 2nd period - Brendan Gallagher is hit by Pavel Dorofeyev and loses puck.
16:04 of 2nd period - Wrist shot by Emil Bemstrom.
16:04 of 2nd period - Stopped by Spencer Martin without a rebound.
16:05 of 2nd period - Victor Rask wins face-off versus Teddy Blueger in Long Beach Ice Dogs zone.
16:05 of 2nd period - Victor Rask is hit by Teddy Blueger.
16:11 of 2nd period - Snap shot by Victor Rask.
16:11 of 2nd period - Shot Misses the Net.
16:13 of 2nd period - Backhand shot by Zack Kassian.
16:13 of 2nd period - Shot Misses the Net.
16:15 of 2nd period - Snap shot by Zack Kassian.
16:15 of 2nd period - Shot Misses the Net.
17:05 of 2nd period - Minor Penalty to Yan Kuznetsov for Interference.
17:06 of 2nd period - Teddy Blueger wins face-off versus Darren Helm in Long Beach Ice Dogs zone.
17:32 of 2nd period - Sammy Blais is hit by Victor Rask and loses puck.
17:37 of 2nd period - Wrist shot by Darren Helm.
17:37 of 2nd period - Shot Blocked by Zach Whitecloud.
19:05 of 2nd period - Penalty to Yan Kuznetsov is over, Yan Kuznetsov is back on ice.
19:15 of 2nd period - Slapshot by Trey Fix-Wolansky.
19:15 of 2nd period - Stopped by Arvid Soderblom without a rebound.
19:16 of 2nd period - Emil Bemstrom wins face-off versus Logan Brown in Havana Tropicals zone.
19:25 of 2nd period - Snap shot by Emil Bemstrom.
19:25 of 2nd period - Stopped by Spencer Martin with a rebound.
19:35 of 2nd period - Wrist shot by Emil Bemstrom.
19:35 of 2nd period - Deflect By Philipp Kurashev.
19:35 of 2nd period - Stopped by Spencer Martin with a rebound.
19:37 of 2nd period - Wrist shot by Philipp Kurashev.
19:37 of 2nd period - Stopped by Spencer Martin with a rebound.
19:39 of 2nd period - Snap shot by Philipp Kurashev.
19:39 of 2nd period - Deflect By Jansen Harkins.
19:39 of 2nd period - Stopped by Spencer Martin without a rebound.
19:40 of 2nd period - Teddy Blueger wins face-off versus Victor Rask in Long Beach Ice Dogs zone.
19:41 of 2nd period - Slapshot by Zach Aston-Reese.
19:41 of 2nd period - Stopped by Spencer Martin with a rebound.
19:43 of 2nd period - Backhand shot by Pierre-Edouard Bellemare.
19:43 of 2nd period - Stopped by Spencer Martin without a rebound.
19:44 of 2nd period - Teddy Blueger wins face-off versus Victor Rask in Long Beach Ice Dogs zone.
Goals for this period are 2 for Havana Tropicals vs 2 for Long Beach Ice Dogs.
Shots for this period are 24 for Havana Tropicals vs 15 for Long Beach Ice Dogs.
3rd period
0:01 of 3rd period - Gabriel Vilardi wins face-off versus Teddy Blueger in neutral zone.
0:04 of 3rd period - Zach Aston-Reese is hit by Darren Helm and loses puck.
0:13 of 3rd period - Wrist shot by Pierre-Edouard Bellemare.
0:13 of 3rd period - Stopped by Spencer Martin without a rebound.
0:14 of 3rd period - Chris Tierney wins face-off versus Victor Rask in Long Beach Ice Dogs zone.
0:44 of 3rd period - Off-side.
0:45 of 3rd period - Philipp Kurashev wins face-off versus Gabriel Vilardi in neutral zone.
1:12 of 3rd period - Snap shot by Tucker Poolman.
1:12 of 3rd period - Stopped by Spencer Martin with a rebound.
1:14 of 3rd period - Snap shot by Pierre-Edouard Bellemare.
1:14 of 3rd period - Shot Misses the Net.
1:16 of 3rd period - Snap shot by Zach Aston-Reese.
1:16 of 3rd period - Stopped by Spencer Martin with a rebound.
1:18 of 3rd period - Slapshot by Tucker Poolman.
1:18 of 3rd period - Shot Misses the Net.
1:20 of 3rd period - Backhand shot by Tucker Poolman.
1:20 of 3rd period - Goal by Tucker Poolman - Havana Tropicals : 4 - Long Beach Ice Dogs : 2.
1:21 of 3rd period - Teddy Blueger wins face-off versus Gabriel Vilardi in neutral zone.
1:24 of 3rd period - Snap shot by Pierre-Edouard Bellemare.
1:24 of 3rd period - Stopped by Spencer Martin without a rebound.
1:25 of 3rd period - Gabriel Vilardi wins face-off versus Teddy Blueger in Long Beach Ice Dogs zone.
1:32 of 3rd period - Wrist shot by Gabriel Vilardi.
1:32 of 3rd period - Deflect By Brendan Gallagher.
1:32 of 3rd period - Stopped by Arvid Soderblom with a rebound.
1:34 of 3rd period - Slapshot by Justin Schultz.
1:34 of 3rd period - Stopped by Arvid Soderblom without a rebound.
1:35 of 3rd period - Teddy Blueger wins face-off versus Victor Rask in Havana Tropicals zone.
2:02 of 3rd period - Wrist shot by Sammy Blais.
2:02 of 3rd period - Stopped by Spencer Martin with a rebound.
2:04 of 3rd period - Slapshot by Tucker Poolman.
2:04 of 3rd period - Stopped by Spencer Martin with a rebound.
2:06 of 3rd period - Wrist shot by Tucker Poolman.
2:06 of 3rd period - Shot Blocked by Mark Pysyk.
2:10 of 3rd period - Snap shot by Chris Tierney.
2:10 of 3rd period - Stopped by Spencer Martin with a rebound.
2:12 of 3rd period - Snap shot by Chris Tierney.
2:12 of 3rd period - Stopped by Spencer Martin without a rebound.
2:13 of 3rd period - Teddy Blueger wins face-off versus Logan Brown in Long Beach Ice Dogs zone.
2:26 of 3rd period - Snap shot by Pierre-Edouard Bellemare.
2:26 of 3rd period - Shot Misses the Net.
2:28 of 3rd period - Snap shot by Teddy Blueger.
2:28 of 3rd period - Shot Misses the Net.
4:19 of 3rd period - Yan Kuznetsov is hit by Pavel Dorofeyev and loses puck.
4:24 of 3rd period - Slapshot by Pavel Dorofeyev.
4:24 of 3rd period - Stopped by Spencer Martin without a rebound.
4:25 of 3rd period - Philipp Kurashev wins face-off versus Gabriel Vilardi in Long Beach Ice Dogs zone.
4:28 of 3rd period - Slapshot by Philipp Kurashev.
4:28 of 3rd period - Stopped by Spencer Martin without a rebound.
4:29 of 3rd period - Teddy Blueger wins face-off versus Gabriel Vilardi in Long Beach Ice Dogs zone.
4:38 of 3rd period - Snap shot by Teddy Blueger.
4:38 of 3rd period - Stopped by Spencer Martin without a rebound.
4:39 of 3rd period - Victor Rask wins face-off versus Zach Aston-Reese in Long Beach Ice Dogs zone.
4:58 of 3rd period - Slapshot by Pierre-Edouard Bellemare.
4:58 of 3rd period - Stopped by Spencer Martin without a rebound.
4:59 of 3rd period - Gabriel Vilardi wins face-off versus Chris Tierney in Long Beach Ice Dogs zone.
4:59 of 3rd period - Gabriel Vilardi is hit by Tucker Poolman.
5:21 of 3rd period - Minor Penalty to Sammy Blais for Holding.
5:22 of 3rd period - Gabriel Vilardi wins face-off versus Teddy Blueger in Havana Tropicals zone.
6:23 of 3rd period - Tucker Poolman is hit by Gabriel Vilardi and loses puck.
6:57 of 3rd period - Timothy Liljegren is hit by Zack Kassian and loses puck.
7:21 of 3rd period - Penalty to Sammy Blais is over, Sammy Blais is back on ice.
7:36 of 3rd period - Snap shot by Henrik Borgstrom.
7:36 of 3rd period - Shot Misses the Net.
9:06 of 3rd period - Riley Stillman is hit by Nolan Foote and loses puck.
10:00 of 3rd period - Gabriel Vilardi is hit by Henrik Borgstrom and loses puck.
10:32 of 3rd period - Icing by Logan Brown.
10:33 of 3rd period - Shane Bowers wins face-off versus Philipp Kurashev in Long Beach Ice Dogs zone.
10:40 of 3rd period - Snap shot by Jujhar Khaira.
10:40 of 3rd period - Goal by Jujhar Khaira - Havana Tropicals : 4 - Long Beach Ice Dogs : 3.
10:41 of 3rd period - Victor Rask wins face-off versus Teddy Blueger in neutral zone.
10:49 of 3rd period - Off-side.
10:50 of 3rd period - Victor Rask wins face-off versus Teddy Blueger in neutral zone.
11:11 of 3rd period - Pierre-Edouard Bellemare is hit by William Lagesson and loses puck.
11:24 of 3rd period - Snap shot by Zack Kassian.
11:24 of 3rd period - Stopped by Arvid Soderblom without a rebound.
11:25 of 3rd period - Chris Tierney wins face-off versus Darren Helm in Havana Tropicals zone.
11:40 of 3rd period - Snap shot by Chris Tierney.
11:40 of 3rd period - Shot Misses the Net.
11:50 of 3rd period - Pavel Dorofeyev is hit by Logan Brown.
12:12 of 3rd period - Snap shot by Nolan Foote.
12:12 of 3rd period - Shot Blocked by Justin Schultz.
12:14 of 3rd period - Slapshot by Zach Whitecloud.
12:14 of 3rd period - Shot Misses the Net.
12:16 of 3rd period - Backhand shot by Henrik Borgstrom.
12:16 of 3rd period - Stopped by Spencer Martin without a rebound.
12:17 of 3rd period - Teddy Blueger wins face-off versus Gabriel Vilardi in Long Beach Ice Dogs zone.
12:28 of 3rd period - Slapshot by Teddy Blueger.
12:28 of 3rd period - Deflect By Zach Aston-Reese.
12:28 of 3rd period - Shot Blocked by Yan Kuznetsov.
12:28 of 3rd period - Puck is out of play.
12:29 of 3rd period - Teddy Blueger wins face-off versus Victor Rask in Long Beach Ice Dogs zone.
12:36 of 3rd period - Slapshot by Teddy Blueger.
12:36 of 3rd period - Stopped by Spencer Martin with a rebound.
12:38 of 3rd period - Snap shot by Zach Aston-Reese.
12:38 of 3rd period - Stopped by Spencer Martin with a rebound.
12:40 of 3rd period - Wrist shot by Teddy Blueger.
12:40 of 3rd period - Shot Misses the Net.
12:50 of 3rd period - Minor Penalty to Zack Kassian for Cross-checking.
12:51 of 3rd period - Teddy Blueger wins face-off versus Darren Helm in Long Beach Ice Dogs zone.
13:16 of 3rd period - Sammy Blais is hit by Gabriel Vilardi and loses puck.
14:27 of 3rd period - Brendan Gallagher is hit by Milan Lucic and loses puck.
14:50 of 3rd period - Penalty to Zack Kassian is over, Zack Kassian is back on ice.
15:12 of 3rd period - Off-side.
15:13 of 3rd period - Logan Brown wins face-off versus Henrik Borgstrom in neutral zone.
15:16 of 3rd period - Snap shot by Logan Brown.
15:16 of 3rd period - Stopped by Arvid Soderblom with a rebound.
15:18 of 3rd period - Slapshot by Olli Juolevi.
15:18 of 3rd period - Shot Misses the Net.
15:20 of 3rd period - Wrist shot by Logan Brown.
15:20 of 3rd period - Stopped by Arvid Soderblom with a rebound.
15:22 of 3rd period - Slapshot by Olli Juolevi.
15:22 of 3rd period - Stopped by Arvid Soderblom with a rebound.
17:22 of 3rd period - Snap shot by Sammy Blais.
17:22 of 3rd period - Shot Blocked by Olli Juolevi.
17:24 of 3rd period - Slapshot by Tucker Poolman.
17:24 of 3rd period - Stopped by Spencer Martin without a rebound.
17:25 of 3rd period - Teddy Blueger wins face-off versus Gabriel Vilardi in Long Beach Ice Dogs zone.
17:36 of 3rd period - Wrist shot by Gabriel Vilardi.
17:36 of 3rd period - Stopped by Arvid Soderblom with a rebound.
17:50 of 3rd period - Pavel Dorofeyev is hit by Mathieu Olivier.
18:09 of 3rd period - Icing by Philipp Kurashev.
18:10 of 3rd period - Philipp Kurashev wins face-off versus Shane Bowers in Havana Tropicals zone.
18:12 of 3rd period - Icing by Timothy Liljegren.
18:13 of 3rd period - Shane Bowers wins face-off versus Philipp Kurashev in Havana Tropicals zone.
18:14 of 3rd period - Wrist shot by Jujhar Khaira.
18:14 of 3rd period - Shot Blocked by Emil Bemstrom.
18:26 of 3rd period - Snap shot by Philipp Kurashev.
18:26 of 3rd period - Stopped by Spencer Martin with a rebound.
18:28 of 3rd period - Wrist shot by Pavel Dorofeyev.
18:28 of 3rd period - Stopped by Spencer Martin without a rebound.
18:29 of 3rd period - Logan Brown wins face-off versus Teddy Blueger in Long Beach Ice Dogs zone.
19:03 of 3rd period - Snap shot by Zach Aston-Reese.
19:03 of 3rd period - Shot Misses the Net.
19:05 of 3rd period - Snap shot by Zach Whitecloud.
19:05 of 3rd period - Deflect By Zach Aston-Reese.
19:05 of 3rd period - Shot Blocked by Mark Pysyk.
19:05 of 3rd period - Puck is out of play.
19:06 of 3rd period - Jay Woodcroft call a timeout for Long Beach Ice Dogs.
19:06 of 3rd period - Gabriel Vilardi wins face-off versus Teddy Blueger in Long Beach Ice Dogs zone.
19:06 of 3rd period - Gabriel Vilardi is hit by Robert Bortuzzo.
19:12 of 3rd period - Long Beach Ice Dogs, Spencer Martin is pulled from the net.
19:12 of 3rd period - Snap shot by Gabriel Vilardi.
19:12 of 3rd period - Shot Blocked by Zach Whitecloud.
19:18 of 3rd period - Snap shot by Brendan Gallagher.
19:18 of 3rd period - Stopped by Arvid Soderblom with a rebound.
19:20 of 3rd period - Snap shot by Mark Pysyk.
19:20 of 3rd period - Deflect By Brendan Gallagher.
19:20 of 3rd period - Shot Misses the Net.
19:20 of 3rd period - Puck is out of play.
19:21 of 3rd period - Gabriel Vilardi wins face-off versus Teddy Blueger in Havana Tropicals zone.
19:26 of 3rd period - Slapshot by Brendan Gallagher.
19:26 of 3rd period - Shot Blocked by Zach Whitecloud.
19:28 of 3rd period - Snap shot by Brendan Gallagher.
19:28 of 3rd period - Stopped by Arvid Soderblom with a rebound.
19:33 of 3rd period - Minor Penalty to Teddy Blueger for Hooking.
19:34 of 3rd period - Victor Rask wins face-off versus Pavel Dorofeyev in Havana Tropicals zone.
19:37 of 3rd period - Slapshot by Victor Rask.
19:37 of 3rd period - Deflect By Zack Kassian.
19:37 of 3rd period - Shot Misses the Net.
19:37 of 3rd period - Puck is out of play.
19:38 of 3rd period - Victor Rask wins face-off versus Pavel Dorofeyev in Havana Tropicals zone.
19:41 of 3rd period - Wrist shot by Victor Rask.
19:41 of 3rd period - Shot Misses the Net.
19:43 of 3rd period - Snap shot by Justin Schultz.
19:43 of 3rd period - Stopped by Arvid Soderblom with a rebound.
19:45 of 3rd period - Slapshot by Mark Pysyk.
19:45 of 3rd period - Shot Blocked by Pavel Dorofeyev.
19:47 of 3rd period - Wrist shot by Zack Kassian.
19:47 of 3rd period - Shot Misses the Net.
19:51 of 3rd period - Wrist shot by Zack Kassian.
19:51 of 3rd period - Shot Blocked by Robert Bortuzzo.
19:53 of 3rd period - Wrist shot by Mark Pysyk.
19:53 of 3rd period - Deflect By Alex Galchenyuk.
19:53 of 3rd period - Shot Blocked by Zach Whitecloud.
19:53 of 3rd period - Puck is out of play.
19:54 of 3rd period - Gabriel Vilardi wins face-off versus Pavel Dorofeyev in Havana Tropicals zone.
Goals for this period are 1 for Havana Tropicals vs 1 for Long Beach Ice Dogs.
Shots for this period are 19 for Havana Tropicals vs 11 for Long Beach Ice Dogs.
Back to the Top